 Dungeon Crawl Stone Soup version 0.30-a0-241-g1121274140 (webtiles) character file.

Game seed: 9114870071324074474

159 greasedhog the Trooper (level 5, -5/34 HPs)
             Began as a Gargoyle Chaos Knight on Oct 10, 2022.
             Was a Plaything of Xom.
             Splashed by a jelly's acid (8 damage)
             ... on level 4 of the Dungeon.
             The game lasted 00:02:44 (2228 turns).

greasedhog the Trooper (Gargoyle Chaos Knight)      Turns: 2228, Time: 00:02:45

Health: -5/34      AC:  8    Str: 19    XL:     5   Next: 40%
Magic:  5/5        EV: 11    Int: 13    God:    Xom [..*...]
Gold:   174        SH:  0    Dex: 15    Spells: 4/4 levels left

rFire   . . .      SeeInvis .    a - +0 mace (chaos)
rCold   . . .      Faith    .    (no shield)
rNeg    + . .      Spirit   .    b - +2 leather armour
rPois   ∞          Reflect  .    (no helmet)
rElec   +          Harm     .    (no cloak)
rCorr   .          Rampage  .    d - +2 pair of gloves
Will    +....      Clarity  +    (no boots)
Stlth   +.........               (no amulet)
HPRegen 0.25/turn                f - ring of willpower
MPRegen 0.09/turn                (no ring)

@: corroded, flying
A: sickness immunity, AC +4, negative energy resistance 1, electricity
resistance, torment resistance 1, petrification resistance, big wings, hooves 1,
agile 2, clarity, clever 1, strong 1, noise suppression
a: Renounce Religion


You were on level 4 of the Dungeon.
You worshipped Xom.
You were a toy of Xom.
You visited 1 branch of the dungeon, and saw 4 of its levels.

You collected 174 gold pieces.

Inventory:

Hand Weapons
 a - a +0 mace of chaos (weapon)
Armour
 b - a +2 leather armour (worn)
 d - a +2 pair of gloves (worn)
Jewellery
 f - a ring of willpower (left hand)
 m - a ring of fire
Wands
 q - a wand of mindburst (18)
Scrolls
 i - a scroll of torment
 k - 2 scrolls of noise {unknown}
 l - a scroll of enchant weapon {unknown}
 o - 2 scrolls of teleportation
 p - a scroll of identify
Potions
 e - 2 potions of attraction
 g - a potion of degeneration {unknown}
 h - 2 potions of brilliance {unknown}
 j - 3 potions of lignification {unknown}
 n - a potion of flight {unknown}
Miscellaneous
 c - a piece from Xom's chessboard (15/15) (quivered)


   Skills:
 * Level 4.6 Fighting
 * Level 4.1 Maces & Flails
 * Level 3.8 Armour
 - Level 0.7 Dodging


You had 4 spell levels left.
You didn't know any spells.
Your spell library contained the following spells:

 Spells                   Type           Power      Damage    Failure   Level
 Tukima's Dance           Hex            0%         N/A       71%         3
 Passage of Golubria      Tloc           0%         N/A       98%         4
 Yara's Violent Unravell  Hex/Tmut       0%         3d3       100%        5


Dungeon Overview and Level Annotations

Branches:
Dungeon (4/15)
 Temple: D:4-7

Altars:
Elyvilon
Xom

Shops:
D:2 =

Annotations:
D:4 3 runed translucent doors, Tonberto's ghost, novice DgCj


Innate Abilities, Weirdness & Mutations

You are immune to sickness and miasma.
Your stone body is resilient. (AC +4)
You are immune to poison.
You resist negative energy. (rN+)
You are resistant to electric shocks. (rElec)
You are resistant to unholy torment.
You are immune to petrification.
Your large and strong wings let you fly.
You have large cloven feet.
You are very agile. (Dex +8, Str/Int -2)
You possess an exceptional clarity of mind.
Your mind is acute. (Int +4, Str/Dex -1)
Your muscles are strong. (Str +4, Int/Dex -1)
You passively dampen the noise of your surroundings.


Message History

The orc shouts!
Tonberto's ghost turns its malevolent gaze towards you.
The orc shouts! x2; You hear a shout!
Found 6 stones.
The orc priest shouts!
The orc priest shouts!
The orc shouts! x2
Found an escape hatch in the ceiling.
Found a stone staircase leading down.
You see here 6 stones.
Found a stone staircase leading up.
A goblin comes into view. It is wielding a +0 dagger.
Found 18 gold pieces.
You thump the goblin!
You kill the goblin!
No target in view!
A jelly comes into view.
The jelly quivers.
The jelly hits you. The acid corrodes you!
You are splashed with acid!
You hit the jelly but do no damage.
Your hands burn!
You kick the jelly.
The jelly is lightly wounded.
The jelly barely misses you.
You hit the jelly but do no damage.
The jelly flickers and vanishes!
Deactivating autopickup; reactivate with Ctrl-A.
Your hands burn!
Something hits you but does no damage.
You hit something. You freeze something.
Your hands burn!
Something hits you but does no damage.
You barely miss something. Something hits you.
You are splashed with acid.
Something barely misses you. Something hits you.
You are splashed with acid!
* * * LOW HITPOINT WARNING * * *
Okay, then.
Something hits you but does no damage.
Aiming: Mindburst
Press: ? - help, Shift-Dir - straight line Nothing appears to happen.
Something hits you.
* * * LOW HITPOINT WARNING * * *
You are splashed with acid!
You die...
Xom bursts into laughter!

#...........#
##..$....#
.........#
##.....).#
.....###.#
####.###.###.#
..<...>......#
####....#######
#....@####.8######
#.....(.....#o....
#....####...#Wo##.
#......<....#o.#8.
+....##.##..#oo##.
#.... #.##..#.#.o
####. #.##..+.#..o
#. #.#...+.#.8. .<
..#...+.#o.


There were no monsters in sight!

Vanquished Creatures
  An ogre (D:3)
  An adder (D:3)
  3 dart slugs
  An orc (D:3)
  5 endoplasms
  2 giant cockroaches (D:1)
  6 hobgoblins
  3 jackals (D:1)
  5 kobolds
  3 quokkas
  2 ball pythons
  4 bats
  3 frilled lizards
  8 goblins
  3 rats
50 creatures vanquished.

Notes
Turn   | Place    | Note
-------+----------+-------------------------------------------
     0 | D:1      | greasedhog the Gargoyle Chaos Knight began the quest for
                  | the Orb.
     0 | D:1      | Reached XP level 1. HP: 14/14 MP: 1/1
   208 | D:1      | Reached XP level 2. HP: 18/19 MP: 2/2
   294 | D:1      | XOM: silly message
   528 | D:1      | Reached XP level 3. HP: 24/24 MP: 3/3
   734 | D:2      | Found Jios's Jewellery Shop.
   868 | D:2      | XOM: give mutations
   868 | D:2      | Gained mutation: You possess an exceptional clarity of
                  | mind. [Xom's grace]
   868 | D:2      | Gained mutation: You are agile. (Dex +4, Str/Int -1) [Xom's
                  | grace]
   868 | D:2      | Gained mutation: You have sharp toenails. [Xom's grace]
   943 | D:2      | XOM: give mutations
   943 | D:2      | Gained mutation: Your muscles are strong. (Str +4, Int/Dex
                  | -1) [Xom's grace]
   943 | D:2      | Gained mutation: Your large and strong wings let you fly.
                  | [Xom's grace]
   943 | D:2      | Lost mutation: You have sharp toenails. [Xom's grace]
   943 | D:2      | Gained mutation: You have large cloven feet. [Xom's grace]
  1438 | D:3      | Found a white marble altar of Elyvilon.
  1576 | D:3      | XOM: scenery: create altars
  1591 | D:3      | Reached XP level 4. HP: 29/29 MP: 4/4
  1698 | D:3      | XOM: 2-stop teleportation journey
  1835 | D:3      | XOM: polymorph bat -> frilled lizard
  1879 | D:3      | Noticed an ogre
  1889 | D:3      | XOM: summons friendly white imp
  1903 | D:3      | Killed an ogre
  1904 | D:3      | Reached XP level 5. HP: 20/34 MP: 5/5
  2005 | D:3      | XOM: give mutations
  2005 | D:3      | Gained mutation: You are very agile. (Dex +8, Str/Int -2)
                  | [Xom's grace]
  2005 | D:3      | Gained mutation: Your mind is acute. (Int +4, Str/Dex -1)
                  | [Xom's grace]
  2005 | D:3      | Gained mutation: You passively dampen the noise of your
                  | surroundings. [Xom's grace]
  2197 | D:4      | Found a runed translucent gate.
  2197 | D:4      | Noticed Tonberto's ghost (novice DgCj)
  2198 | D:4      | Found a runed translucent gate.
  2198 | D:4      | Found a runed translucent gate.
  2228 | D:4      | Splashed by a jelly's acid

Illustrated notes

Levels and vault maps discovered:
D:1:      reono_arrival_mine, layout_loops_ring
D:2:      layout_basic, serial_shops, nicolae_shop_behind_doors
D:3:      layout_loops_ring, elyvilon_altar_3, wad_rectangle_vault
D:4:      layout_basic, worldfamousw_hep_ancestral_shrine, portal_sewer_entry_f,
          biasface_ghost_orc_armoury, kennysheep_small_spiral,
          minmay_door_square, uniq_ijyb

Skill      XL: |  1  2  3  4 |
---------------+-------------+-----
Armour         | 3 |  3.8
Fighting       | 4 |  4.6
Maces & Flails | 4 |  4.1
Dodging        | |  0.7

Action                   |  1- 3 |  4- 6 || total
-------------------------+-------+-------++-------
Melee: Mace              |   102 |    21 ||   123
       Punch             |     1 |       ||     1
       Kick              |     4 |     4 ||     8
Evoke: Wand              |       |     3 ||     3
  Use: Scroll            |     5 |     1 ||     6
 Stab: Paralysed         |     1 |       ||     1
Armor: Leather armour    |    41 |    12 ||    53
Dodge: Dodged            |    52 |     9 ||    61

Table legend: (Time is in decaauts)
 A = Elapsed time spent in this place.
 B = Non-inter-level travel time spent in this place.
 C = Inter-level travel time spent in this place.
 D = Time resting spent in this place.
 E = Time spent auto-exploring this place.
 F = Levels seen in this place.
 G = Mean time per level.
                   A        B        C        D        E       F      G
               +--------+--------+--------+--------+--------+-----+--------+
         Total |   2254 |   2144 |    110 |      0 |   1741 |   4 |  563.5 |
       Dungeon |   2254 |   2144 |    110 |      0 |   1741 |   4 |  563.5 |
               +--------+--------+--------+--------+--------+-----+--------+

Top non-repeatable levels by time:
     D:3: 863 daAuts
     D:1: 735 daAuts
     D:2: 622 daAuts
     D:4: 32 daAuts
